Selects Airborne Battlegroup
Selects Heavy Machine Gun Paradrop
Heavy Machine Gun Paradrop
Heavy Machine Gun Paradrop
Heavy Machine Gun Paradrop
Selects Paratrooper Squad Paradrop
Paratrooper Squad Paradrop
Construct Weapon Support Center
Paratrooper Squad Paradrop
Paratrooper Squad Paradrop
Selects Anti-tank Gun Team Paradrop
M3 Armored Personnel Carrier
Selects Smoke Bombing Run
Improved M9 Bazooka Rockets
Anti-tank Gun Team Paradrop
Heavy Machine Gun Paradrop
Paratrooper Squad Paradrop